 Dungeon Crawl Stone Soup version 0.16.2-12-gd0ad4c3 (webtiles) character file.

46 faibistes the Magician (level 3, 0/19 HPs)
             Began as a Deep Elf Wizard on Jan 18, 2019.
             Hit by a stone thrown by a hobgoblin (1 damage)
             ... on level 2 of the Dungeon.
             The game lasted 00:03:17 (1873 turns).

faibistes the Magician (Deep Elf Wizard)            Turns: 1873, Time: 00:03:18

Health: 0/19       AC:  2    Str:  4    XL:     3   Next: 44%
Magic:  12/14      EV: 13    Int: 23    God:
Gold:   67         SH:  0    Dex: 13    Spells: 5 memorised, 1 level left

rFire  . . .     SeeInvis .     l - +0 dagger
rCold  . . .     Clarity  .     a - +0 robe
rNeg   . . .     SustAb   .     (no shield)
rPois  .         Gourm    .     b - +0 hat
rElec  .         Spirit   .     (no cloak)
rCorr  .         Warding  .     (no gloves)
rMut   .         Stasis   .     (no boots)
MR     .....                    (no amulet)
Stlth  ++........               (no ring)
                                (no ring)

@: not resistant to hostile enchantments, unstealthy
A: no striking features
a: no special abilities


You were on level 2 of the Dungeon.
You were near starving.

You visited 1 branch of the dungeon, and saw 3 of its levels.

You collected 67 gold pieces.

Inventory:

Hand weapons
 l - a +0 dagger (weapon)
Armour
 a - a +0 robe (worn)
 b - a +0 hat (worn)
Scrolls
 e - a scroll of identify {unknown}
 g - 2 scrolls of remove curse {unknown}
 j - a scroll of enchant weapon {unknown}
 k - a scroll of fear {unknown}
Books
 c - a book of Minor Magic

   Spells                             Type                      Level
   a - Magic Dart                     Conjuration                  1
   b - Blink                          Translocation                2
   c - Call Imp                       Summoning                    2
   d - Repel Missiles                 Charms/Air                   2
   e - Slow                           Hexes                        2
   f - Conjure Flame                  Conjuration/Fire             3
   g - Mephitic Cloud                 Conjuration/Poison/Air       3
Comestibles
 d - a bread ration
 f - a meat ration
 h - 2 beef jerkies


   Skills:
 + Level 3.1 Dodging
 - Level 2.4 Stealth
 * Level 5.2 Spellcasting
 * Level 2.3 Conjurations
 - Level 1.1 Summonings
 - Level 1.1 Translocations


You had one spell level left.
You knew the following spells:

 Your Spells              Type           Power        Failure   Level  Hunger
a - Magic Dart            Conj           ###.         3%          1    None
b - Conjure Flame         Conj/Fire      ##......     21%         3    ##.....
c - Call Imp              Summ           ##......     12%         2    None
d - Blink                 Tloc           N/A          12%         2    None
e - Mephitic Cloud        Conj/Pois/Air  #.......     21%         3    ##.....


Dungeon Overview and Level Annotations

Branches:
Dungeon (3/15)

Altars:

Annotations:
D:3 Robin; faibistes' ghost, experienced DEWz


Message History

You start resting.
A hobgoblin comes into view. It is wielding a club.
Casting: Magic Dart
Confirm with . or Enter, or press ? or * to list all spells.
Aiming: Magic Dart
Press: ? - help, Shift-Dir - straight line, f - hobgoblin
Aim: a hobgoblin, wielding a club (hasn't noticed you)
The magic dart hits the hobgoblin.
The hobgoblin is heavily wounded.
The hobgoblin throws a stone.
The stone hits you.
* * * LOW HITPOINT WARNING * * *
Casting: Magic Dart
Confirm with . or Enter, or press ? or * to list all spells.
Aiming: Magic Dart
Press: ? - help, Shift-Dir - straight line, f/p - hobgoblin
Aim: a hobgoblin, wielding a club (heavily wounded)
The magic dart hits the hobgoblin.
The hobgoblin is heavily wounded.
The hobgoblin throws a stone.
The stone hits you.
You die...

.# #.. ..### #.#
###.... #.# ######...#
#.# ....##.## ####.#
........# ....#
###.##..############..#
#.##†.........)))...#
#.##..########@###..#
#...... #[# #..#
####..## #.# #..# #..#
#.# #..# #..# ... #..#
#..# #.# #... #..# ...
.... . #.# ##### g..


You could see a hobgoblin.

Vanquished Creatures
  An adder (D:2)
  A giant mite (D:2)
  A worm (D:2)
  2 hobgoblins (D:2)
  6 bats
  2 giant newts
  5 goblins
  2 rats
20 creatures vanquished.

Vanquished Creatures (collateral kills)
  A giant mite (D:2)
1 creature vanquished.

Grand Total: 21 creatures vanquished

Notes
Turn   | Place    | Note
--------------------------------------------------------------
     0 | D:1      | faibistes, the Deep Elf Wizard, began the quest for the Orb.
     0 | D:1      | Reached XP level 1. HP: 10/10 MP: 6/6
   287 | D:2      | Reached XP level 2. HP: 13/15 MP: 2/10
   352 | D:3      | Noticed faibistes' ghost (experienced DEWz)
   451 | D:2      | Reached skill level 5 in Spellcasting
   456 | D:2      | Learned a level 2 spell: Blink
   459 | D:2      | Learned a level 2 spell: Call Imp
   806 | D:2      | Reached XP level 3. HP: 19/19 MP: 7/14
   811 | D:2      | Learned a level 3 spell: Conjure Flame
   815 | D:2      | Learned a level 3 spell: Mephitic Cloud
  1134 | D:3      | Noticed Robin
  1873 | D:2      | Hit by a stone thrown by a hobgoblin

Action                   || total
-------------------------++-------
 Cast: Magic Dart        ||    49
       Call Imp          ||     3
       Conjure Flame     ||     2
       Mephitic Cloud    ||     1
       Blink             ||     1
  Eat: Chunk             ||     1
